 Dungeon Crawl Stone Soup version 0.31-a0-839-g762be4b (webtiles) character file.

Game seed: 640009243872545705

100 BarneyGumball the Digger (level 4, 0/27 HPs)
             Began as an Octopode Earth Elementalist on Sept 26, 2023.
             Slain by a gnoll
             ... wielding a +0 club
              (4 damage)
             ... on level 3 of the Dungeon.
             The game lasted 00:05:02 (2524 turns).

BarneyGumball the Digger (OpEE)                     Turns: 2524, Time: 00:05:03

Health: 0/27       AC:  1    Str:  7    XL:     4   Next: 74%
Magic:  7/7        EV: 13    Int: 19    God:
Gold:   145        SH:  0    Dex: 12    Spells: 1/7 levels left

rFire   . . .        b - +0 dagger
rCold   . . .        (no shield)
rNeg    . . .        (helmet restricted)
rPois   .            (no amulet)
rElec   .            (no ring)
rCorr   .            (no ring)
SInv    .            (no ring)
Will    .....        (no ring)
Stlth   +++          (no ring)
HPRegen 0.24/turn    (no ring)
MPRegen 0.10/turn    (no ring)
                     (no ring)

%: no passive effects
@: no status effects
A: almost no armour, amphibious, 8 rings, camouflage 1, gelatinous body 1,
(nimble swimmer 1), tentacles
a: no special abilities


You were on level 3 of the Dungeon.
You visited 1 branch of the dungeon, and saw 3 of its levels.

You collected 145 gold pieces.

Inventory:

Hand Weapons
 b - a +0 dagger (weapon)
Missiles
 e - 4 poisoned darts
Scrolls
 d - a scroll of teleportation {unknown}
 f - a scroll of vulnerability {unknown}
 j - a scroll of silence {unknown}
 k - a scroll of poison
 l - a scroll of butterflies {unknown}
 m - a scroll of brand weapon {unknown}
Potions
 c - a potion of might {unknown}
 g - 4 potions of curing {unknown}
 h - a potion of degeneration {unknown}
 i - 2 potions of enlightenment {unknown}


   Skills:
 - Level 2.0 Dodging
 - Level 2.6 Stealth
 - Level 2.0 Spellcasting
 + Level 2.8 Conjurations
 - Level 1.0 Transmutations
 + Level 4.3 Earth Magic


You had one spell level left.
You knew the following spells:

 Your Spells              Type           Power      Damage    Failure   Level
a - Sandblast             Erth           36%        2d10      3%          1
b - Passwall              Tmut/Erth      9%         N/A       9%          2
c - Stone Arrow           Conj/Erth      30%        3d8       12%         3

Your spell library contained the following spells:

 Spells                   Type           Power      Damage    Failure   Level
 Apportation              Tloc           2%         N/A       17%         1
 Necrotise                Necr           4%         1d4       17%         1
 Summon Small Mammal      Summ           4%         N/A       17%         1
 Ensorcelled Hibernation  Hex/Ice        2%         N/A       26%         2
 Dazzling Flash           Conj/Hex       14%        N/A       28%         3
 Brom's Barrelling Bould  Conj/Erth      15%        2d4       36%         4
 Swiftness                Air            1%         N/A       45%         3
 Petrify                  Tmut/Erth      11%        N/A       50%         4
 Agony                    Necr           1%         N/A       99%         5
 Silence                  Hex/Air        0%         N/A       99%         5
 Haunt                    Necr/Summ      0%         N/A       100%        7
 Borgnjor's Revivificati  Necr           0%         N/A       100%        8
 Death's Door             Necr           0%         N/A       100%        9


Dungeon Overview and Level Annotations

Branches:
Dungeon (3/15)

Altars:
The Shining One


Innate Abilities, Weirdness & Mutations

You cannot wear most types of armour.
You are amphibious.
You can wear up to eight rings at the same time.
Your skin changes colour to match your surroundings (Stealth+).
Your rubbery body absorbs attacks. (AC +1, EV +1)
((You are camouflaged when in or above water. (Stealth+)))
You have tentacles for arms and can constrict up to eight enemies at once.


Message History

The gnoll barely misses you.
Casting: Sandblast (safe; 3% risk of failure)
Confirm with . or Enter, or press ? or * to list all spells.
Aiming: Sandblast (safe; 3% risk of failure)
Press: ? - help, Shift-Dir - straight line, f/p - gnoll
Aim: a gnoll, wielding a +0 halberd (almost dead, 84% to hit)
The blast of sand misses the gnoll.
The gnoll hits you from afar with a +0 halberd!!
Ouch! That really hurt!
Casting: Sandblast (safe; 3% risk of failure)
Confirm with . or Enter, or press ? or * to list all spells.
Aiming: Sandblast (safe; 3% risk of failure)
Press: ? - help, Shift-Dir - straight line, f/p - gnoll
Aim: a gnoll, wielding a +0 halberd (almost dead, 84% to hit)
The blast of sand hits the gnoll!
You kill the gnoll!
You closely miss the gnoll. You grab the gnoll. You squeeze the gnoll.
The gnoll is lightly wounded.
You constrict the gnoll, but do no damage.
The gnoll hits you with a +0 club.
* * * LOW HITPOINT WARNING * * *
Okay, then.
The air fills with toxic fumes!
As you read the scroll labelled CIOT EPINOHU, it crumbles to dust.
It was a scroll of poison.
You constrict the gnoll. The gnoll misses you. Magic courses through your body.
You constrict the gnoll. The gnoll closely misses you.
Casting: Sandblast (safe; 3% risk of failure)
Confirm with . or Enter, or press ? or * to list all spells.
Okay, then.
Casting: Stone Arrow (quite dangerous; 12% risk of failure)
Confirm with . or Enter, or press ? or * to list all spells.
Aiming: Sandblast (safe; 3% risk of failure)
Press: ? - help, Shift-Dir - straight line, f - gnoll
Aim: a gnoll, wielding a +0 club (moderately wounded, constricted by you, 100% to hit)
The blast of sand hits the gnoll.
The gnoll is heavily wounded.
You constrict the gnoll, but do no damage.
The gnoll hits you with a +0 club.
You die...

....###..#g...# #..#
....+....#g##.## #..#
....###..#.#.÷.###..#
....###......_......#
.....###.###.g.#.#.##
.....###.# ##g##.#.#
......g..# #....#.#
......÷..####§####§#
.........§§§§§§g@§§#
.........§#§§§§§#§##
..........###§§§.§#
....g.......#§§§.§#
.....gg....##§###§#
............§§..#§#
........<..§#.# #§#
####......§§#.# #§#
###.#....#.# #.#


You could see a gnoll.

Vanquished Creatures
  3 gnolls (D:3)
  2 adders (D:2)
  A worm (D:2)
  A dart slug (D:3)
  3 orcs (D:3)
  7 ball pythons
  4 bats
  2 endoplasms (D:1)
  A giant cockroach (D:2)
  A goblin (D:2)
  3 hobgoblins
  9 jackals (D:2)
  A frilled lizard (D:2)
  3 kobolds
  A rat (D:2)
42 creatures vanquished.

Notes
Turn   | Place    | Note
-------+----------+-------------------------------------------
     0 | D:1      | BarneyGumball the Octopode Earth Elementalist began the
                  | quest for the Orb.
     0 | D:1      | Reached XP level 1. HP: 11/11 MP: 3/3
   726 | D:1      | Reached skill level 1 in Conjurations
   726 | D:1      | Reached XP level 2. HP: 17/17 MP: 3/5
  1046 | D:2      | Reached XP level 3. HP: 14/21 MP: 0/6
  1996 | D:3      | Reached skill level 4 in Earth Magic
  1996 | D:3      | Reached XP level 4. HP: 9/27 MP: 1/7
  2158 | D:3      | Found a glowing golden altar of the Shining One.
  2238 | D:3      | Learned a level 3 spell: Stone Arrow
  2241 | D:3      | Learned a level 2 spell: Passwall
  2524 | D:3      | Slain by a gnoll

Illustrated notes

Levels and vault maps discovered:
D:1:      erik_arrival_cave_to_civilisation [erik_arrival_cave_to_hall],
          layout_basic, serial_bayou_pond_a
D:2:      layout_basic
D:3:      layout_basic, nicolae_overflow_crystal_walls,
          mainiacjoe_overflow_24_doors

Skill      XL: |  1  2  3 |
---------------+----------+-----
Conjurations   | 1 2 |  2.8
Earth Magic    | 4 |  4.3
Dodging        | |  2.0
Stealth        | |  2.6
Spellcasting   | |  2.0
Transmutations | |  1.0

Action                     |  1- 3 |  4- 6 || total
---------------------------+-------+-------++-------
  Melee: Dagger            |     8 |    10 ||    18
         Tentacles         |     3 |     2 ||     5
         Constrict         |     4 |     4 ||     8
   Cast: Sandblast         |    51 |    22 ||    73
    Use: Scroll            |       |     1 ||     1
         Potion            |       |     1 ||     1
 Armour: Skin              |    15 |    11 ||    26
  Dodge: Dodged            |    28 |    14 ||    42

Table legend: (Time is in decaauts)
 A = Elapsed time spent in this place.
 B = Non-inter-level travel time spent in this place.
 C = Inter-level travel time spent in this place.
 D = Time resting spent in this place.
 E = Time spent auto-exploring this place.
 F = Levels seen in this place.
 G = Mean time per level.
                   A        B        C        D        E       F      G
               +--------+--------+--------+--------+--------+-----+--------+
         Total |   2559 |   2475 |     84 |    143 |   1963 |   3 |  853.0 |
       Dungeon |   2559 |   2475 |     84 |    143 |   1963 |   3 |  853.0 |
               +--------+--------+--------+--------+--------+-----+--------+

Top non-repeatable levels by time:
     D:2: 1151 daAuts
     D:1: 861 daAuts
     D:3: 546 daAuts
